 Dungeon Crawl Stone Soup version 0.30.0-17-ge0270778cf (webtiles) character file.

Game seed: 1779871028026844116

20 RascalDebosk the Magician (level 3, -2/28 HPs)
             Began as a Djinni Warper on May 21, 2023.
             Frozen to death by an endoplasm (7 damage)
             ... on level 2 of the Dungeon.
             The game lasted 00:04:25 (720 turns).

RascalDebosk the Magician (Djinni Warper)            Turns: 720, Time: 00:04:26

Health: -2/28      AC:  3    Str: 10    XL:     3   Next: 0%
Gold:   8          EV: 11    Int: 16    God:
                   SH:  0    Dex: 12

rFire   + + .        a - +0 falchion
rCold   x . .        (no shield)
rNeg    . . .        b - +0 leather armour
rPois   ∞            (no helmet)
rElec   .            (no cloak)
rCorr   .            (no gloves)
SInv    .            (boots unavailable)
Will    .....        j - amulet of the acrobat
Stlth   +            (no ring)
HPRegen 0.24/turn    (no ring)
MPRegen 0.00/turn

%: acrobat, infuse magic (-3 HP)
@: flying
A: sickness immunity, fire resistance 2, cold vulnerability 1, float, innate
caster, HP casting, extra vitality 1
a: no special abilities


You were on level 2 of the Dungeon.
You visited 1 branch of the dungeon, and saw 2 of its levels.

You collected 36 gold pieces.
You spent 28 gold pieces at shops.

Inventory:

Hand Weapons
 a - a +0 falchion (weapon)
Missiles
 d - 4 boomerangs of dispersal (quivered)
Armour
 b - a +0 leather armour (worn)
Jewellery
 j - an amulet of the acrobat (around neck)
Scrolls
 c - a scroll of vulnerability {unknown}
 g - a scroll of blinking
 i - 4 scrolls of identify
Potions
 e - 2 potions of brilliance {unknown}
 f - a potion of ambrosia {unknown}
 h - a potion of curing {unknown}
 k - 2 potions of resistance {unknown}


   Skills:
 - Level 2.0 Fighting
 - Level 1.7 Long Blades
 - Level 0.7 Throwing
 - Level 1.0 Armour
 - Level 2.1 Dodging
 * Level 3.1 Spellcasting


You knew the following spells:

 Your Spells              Type           Power      Damage    Failure   Level
a - Blink                 Tloc           24%        N/A       11%         2
b - Lesser Beckoning      Tloc           24%        N/A       11%         2
c - Vhi's Electric Charg  Tloc/Air       24%        N/A       21%         3
d - Teleport Other        Tloc           12%        N/A       21%         3
e - Manifold Assault      Tloc           12%        N/A       56%         4
f - Beastly Appendage     Tmut           24%        N/A       7%          1
Your spell library was empty.

Dungeon Overview and Level Annotations

Branches:
Dungeon (2/15)

Altars:

Shops:
D:1 ?


Innate Abilities, Weirdness & Mutations

You are immune to sickness and miasma.
You are immune to poison.
Your flesh is very heat resistant. (rF++)
You are vulnerable to cold. (rC-)
You float through the air rather than walking.
You learn spells naturally, not from books.
Your magical power is your life essence.
You have superior vitality. (+4 MHP)


Message History

Things that are here:
a +0 short sword; 3 stones; a kobold corpse
Found a stone staircase leading up.
Things that are here:
a +0 short sword; 3 stones; a kobold corpse A kobold comes into view.
It is wielding a +0 whip.
The kobold shouts!
An adder comes into view.
A frilled lizard comes into view.
Found a faded altar of an unknown god.
The frilled lizard hisses angrily.
The adder closely misses you.
The frilled lizard unfolds its giant frill.
The adder closely misses you.
You hit the adder.
The adder is lightly wounded.
The frilled lizard closely misses you. The adder barely misses you.
The frilled lizard closely misses you.
You miss the adder.
The adder is lightly wounded.
The adder bites you but does no damage. The adder closely misses you.
The frilled lizard bites you but does no damage.
You closely miss the adder.
The adder is lightly wounded.
The adder barely misses you. The frilled lizard barely misses you.
You closely miss the adder. Your punch misses the adder.
The adder is lightly wounded.
The adder bites you. The frilled lizard closely misses you.
The adder bites you.
You miss the adder.
The adder is lightly wounded.
The adder bites you but does no damage.
The frilled lizard bites you but does no damage.
An endoplasm comes into view.
You closely miss the adder.
The adder is lightly wounded.
The adder closely misses you.
An endoplasm comes into view.
The frilled lizard barely misses you. The adder bites you.
The frilled lizard completely misses you.
You closely miss the adder.
The adder is lightly wounded.
The adder barely misses you. The frilled lizard closely misses you.
The adder barely misses you.
You miss the adder.
The adder is lightly wounded.
The adder bites you but does no damage. The frilled lizard bites you.
You closely miss the adder.
The adder is lightly wounded.
The adder closely misses you. The frilled lizard misses you.
The adder barely misses you.
You hit the adder.
The adder is severely wounded.
The frilled lizard closely misses you. The adder bites you.
You miss the adder.
The adder is severely wounded.
The endoplasm quivers.
The adder bites you. The frilled lizard closely misses you.
The adder bites you. The frilled lizard bites you.
* * * LOW HITPOINT WARNING * * *
You barely miss the adder.
The adder is heavily wounded.
The adder bites you.
* * * LOW HITPOINT WARNING * * *
The adder misses you.
You barely miss the adder.
The adder is heavily wounded.
The adder bites you.
* * * LOW HITPOINT WARNING * * *
The adder closely misses you.
You hit the adder but do no damage.
The adder is heavily wounded.
The adder bites you but does no damage.
You hit the adder.
The adder is severely wounded.
The adder barely misses you. The adder bites you.
* * * LOW HITPOINT WARNING * * *
You miss the adder.
The adder is severely wounded.
The endoplasm freezes you.
You are frozen.
* * * LOW HITPOINT WARNING * * *
The adder closely misses you. The endoplasm closely misses you.
You barely miss the adder.
The adder is severely wounded.
The adder barely misses you. x2; The endoplasm closely misses you.
You hit the adder.
You kill the adder!
The endoplasm hits you but does no damage.
Your Spellcasting skill increases to level 3!
You have reached level 3!
Your experience leads to an increase in your attributes!
Increase (s)trength, (i)ntelligence, or (d)exterity?
You feel clever. x2
The power to cast Beastly Appendage wells up from within.
Spell assigned to 'f'.
You closely miss the frilled lizard. The frilled lizard closely misses you.
The endoplasm freezes you.
You are frozen!
You feel a terrible chill!
You die...

#.†..## #.# ....###
.<....# #.# ...#...
......#######.# ..#~...
....#......##.###.#.~~..
....######.......#..~.~~
....# #####...#~~~~≈≈
#.### ##.K....≈_. #.#
##l#~~~~≈ #.# #@# .~.~
#)# ##J# ~~. #.# #.# .
#.# #.# #.# #.# #.# #..
#.# ### ..# ###


You could see an endoplasm, a kobold and a frilled lizard.

Vanquished Creatures
  An adder (D:2)
  An endoplasm (D:1)
  A goblin (D:1)
  A hobgoblin (D:2)
  2 quokkas (D:2)
  A ball python (D:1)
  A bat (D:1)
  2 kobolds
  2 rats
12 creatures vanquished.

Notes
Turn   | Place    | Note
-------+----------+-------------------------------------------
     0 | D:1      | RascalDebosk the Djinni Warper began the quest for the Orb.
     0 | D:1      | RascalDebosk set off with the following spells memorised:
                  | Blink, Lesser Beckoning, Vhi's Electric Charge, Teleport
                  | Other, Manifold Assault.
     0 | D:1      | Reached XP level 1. HP: 18/18 MP: 0/0
   267 | D:1      | Found Qaqir's Magic Scroll Boutique.
   275 | D:1      | Bought a scroll of identify for 28 gold pieces
   556 | D:2      | Reached XP level 2. HP: 20/23 MP: 0/0
   697 | D:2      | Found a faded altar of an unknown god.
   720 | D:2      | Reached skill level 3 in Spellcasting
   720 | D:2      | Reached XP level 3. HP: 5/28 MP: 0/0
   720 | D:2      | Learned a level 1 spell: Beastly Appendage
   720 | D:2      | Frozen to death by an endoplasm

Illustrated notes

Levels and vault maps discovered:
D:1:      evilmike_arrival_rings, layout_basic, serial_shops, shop
D:2:      layout_basic, shapermc_ecumenical_altar_starsandcircs,
          minmay_fractal_squares_5

Skill      XL: |  1  2 |
---------------+-------+-----
Spellcasting   | 3 |  3.1
Fighting       | |  2.0
Long Blades    | |  1.7
Throwing       | |  0.7
Armour         | |  1.0
Dodging        | |  2.1

Action                     || total
---------------------------++-------
  Melee: Falchion          ||    48
  Throw: Boomerang         ||     3
 Armour: Leather armour    ||    18
  Dodge: Dodged            ||    67
